 Dungeon Crawl Stone Soup version 0.13.0-59-g13bd910 (webtiles) character file.

783 Chiseanne the Digger (level 7, -4/36 HPs)
             Began as a Gargoyle Earth Elementalist on Nov 22, 2013.
             Killed from afar by an orc wizard (5 damage)
             ... with a wand of frost
             ... on Level 7 of the Dungeon.
             The game lasted 00:25:06 (6677 turns).

Chiseanne the Digger (Gargoyle Earth Elementalist)  Turns: 6677, Time: 00:25:06

HP  -4/36        AC 13     Str 12      XL: 7   Next: 42%
MP   0/17        EV 11     Int 17      God:
Gold 177         SH  0     Dex 10      Spells:  5 memorised,  5 levels left

Res.Fire  : + . .   See Invis. : .   r - +2 dagger (protect)
Res.Cold  : . . .   Warding    : .   g - -1 leather armour (curse)
Life Prot.: + . .   Conserve   : .   (no shield)
Res.Poison: +       Res.Corr.  : .   f - +0 helmet
Res.Elec. : +       Clarity    : .   c - +0 cloak
Sust.Abil.: + .     Spirit.Shd : .   (no gloves)
Res.Mut.  : .       Stasis     : .   (no boots)
Res.Rott. : +       Flight     : .   (no amulet)
Saprovore : . . .                    j - ring of protection from fire {unknown}
                                     u - ring of sustain abilities {unknown}

@: slightly resistant to hostile enchantments, unstealthy
A: fangs 1, talons 2, life protection 1, electricity resistance, slow metabolism
1, unbreathing, petrification resistance, AC +4
a: no special abilities


You were on level 7 of the Dungeon.
You were not hungry.

You visited 1 branch of the dungeon, and saw 7 of its levels.

You collected 157 gold pieces.

Inventory:

Hand weapons
 r - a +2,+2 dagger of protection (weapon)
Missiles
 b - 61 stones (quivered)
Armour
 c - a +0 cloak (worn)
 e - a +1 orcish robe
 f - a +0 helmet (worn)
 g - a cursed -1 leather armour (worn)
Comestibles
 a - 2 bread rations
 h - a slice of pizza
 k - 4 meat rations
 l - a pear
Scrolls
 i - 2 scrolls of remove curse {unknown}
 m - a scroll of teleportation
 t - 2 scrolls of fog
Jewellery
 j - a ring of protection from fire (right hand) {unknown}
 n - an uncursed ring of protection from fire {unknown}
 o - an uncursed ring of sustain abilities {unknown}
 q - a +5,+2 ring of slaying {unknown}
 u - a ring of sustain abilities (left hand) {unknown}
Books
 d - a book of Geomancy

   Spells                             Type                      Level
   *Sandblast                         Earth                        1
   *Stoneskin                         Transmutation/Earth          2
   *Passwall                          Transmutation/Earth          3
   *Stone Arrow                       Conjuration/Earth            3
   Petrify                            Transmutation/Earth          4
   Lee's Rapid Deconstruction         Earth                        5
 p - a Young Poisoner's Handbook

   Spells                             Type                      Level
   *Sting                             Conjuration/Poison           1
   Cure Poison                        Poison                       2
   Mephitic Cloud                     Conjuration/Poison/Air       3
   Olgreb's Toxic Radiance            Poison                       4
   Venom Bolt                         Conjuration/Poison           5


   Skills:
 * Level 3.3 Dodging
 - Level 2.1 Stealth
 * Level 4.8 Spellcasting
 - Level 0.7 Transmutations
 * Level 6.4 Earth Magic
 * Level 0.2 Poison Magic


You had 5 spell levels left.
You knew the following spells:

 Your Spells              Type           Power        Failure   Level  Hunger
a - Sandblast             Erth           ####..       1%          1    None
b - Stoneskin             Trmt/Erth      ###.......   6%          2    #......
c - Stone Arrow           Conj/Erth      ##....       14%         3    ###....
d - Passwall              Trmt/Erth      ###.......   12%         3    ###....
e - Sting                 Conj/Pois      #...         17%         1    None


Dungeon Overview and Level Annotations

Branches:
Dungeon (7/27)
 Temple: D:4-7          Orc: D:6-11

Altars:
Nemelex Xobeh
Xom

Shops:
D:7 *


Innate Abilities, Weirdness & Mutations

You are resistant to torment.
You are immune to poison.
Your stone body is very resilient (AC +4).
You have very sharp teeth.
You have razor-sharp toenails.
You resist negative energy.
You are resistant to electric shocks.
You have a slow metabolism.
You can survive without breathing.
You are immune to petrification.


Message History

Press: ? - help, Shift-Dir - straight line, f - orc wizard
Aim: an orc wizard, wielding an orcish dagger, wearing an orcish robe and carrying a wand of frost {zapped: 2} (moving very quickly)
The sting hits the orc wizard.
The orc wizard is poisoned.
The orc wizard zaps a wand.
The puff of frost hits you!
* * * LOW HITPOINT WARNING * * *
Casting: Sting
Confirm with . or Enter, or press ? or * to list all spells.
Aiming: Sting
Press: ? - help, Shift-Dir - straight line, f/p - orc wizard
Aim: an orc wizard, wielding an orcish dagger, wearing an orcish robe and carrying a wand of frost {zapped: 3} (poisoned, moving very quickly)
The sting hits the orc wizard.
Casting: Sting
Confirm with . or Enter, or press ? or * to list all spells.
Aiming: Sting
Press: ? - help, Shift-Dir - straight line, f/p - orc wizard
Aim: an orc wizard, wielding an orcish dagger, wearing an orcish robe and carrying a wand of frost {zapped: 3} (lightly wounded, poisoned, moving very quickly)
The sting hits the orc wizard.
The orc wizard looks even sicker.
The orc wizard is moderately wounded.
The orc wizard zaps a wand.
The puff of frost hits you!
You die...

#...........#.#
....#..###......#
##. #.....[##.#.#
. #.#####...#
..##... #o###
...... #K# #.
##..####.#
#...#....##.#
#...@..o%.#
#....#.####
#......# ########


You could see an orc wizard.

Vanquished Creatures
  A centaur (D:5)
  A hound (D:5)
  An iguana (D:3)
  A quasit (D:3)
  An orc wizard (D:4)
  2 scorpions
  3 worker ants (D:4)
  4 adders
  10 gnolls
  A giant mite (D:3)
  4 worms
  2 giant geckos
  An ooze (D:3)
  9 orcs
  17 bats
  12 goblins
  13 hobgoblins
  9 jackals
  12 kobolds
  5 quokkas
  3 ball pythons
  2 giant cockroaches
  2 giant newts (D:2)
  12 rats
128 creatures vanquished.

Vanquished Creatures (others)
  A dancing weapon (D:2)
  An insubstantial wisp (D:2)
2 creatures vanquished.

Grand Total: 130 creatures vanquished

Notes
Turn   | Place    | Note
--------------------------------------------------------------
     0 | D:1      | Chiseanne, the Gargoyle Earth Elementalist, began the quest for the Orb.
     0 | D:1      | Reached XP level 1. HP: 10/10 MP: 3/3
   216 | D:1      | Reached skill level 4 in Earth Magic
   216 | D:1      | Reached XP level 2. HP: 15/15 MP: 1/4
   321 | D:1      | Learned a level 2 spell: Stoneskin
   615 | D:1      | Reached XP level 3. HP: 19/19 MP: 3/5
  1568 | D:2      | Found a sparkling altar of Nemelex Xobeh.
  1923 | D:2      | Noticed an insubstantial wisp
  1952 | D:2      | Reached skill level 5 in Earth Magic
  1952 | D:2      | Reached XP level 4. HP: 15/24 MP: 1/7
  2065 | D:2      | Learned a level 3 spell: Stone Arrow
  2235 | D:2      | HP: 1/24 [gnoll/spear (6)]
  2673 | D:2      | Reached XP level 5. HP: 19/28 MP: 2/10
  4008 | D:3      | Found a shimmering altar of Xom.
  4008 | D:3      | Found a shimmering altar of Xom.
  4008 | D:3      | Found a shimmering altar of Xom.
  4008 | D:3      | Found a shimmering altar of Xom.
  4011 | D:3      | Found a shimmering altar of Xom.
  4139 | D:3      | Learned a level 3 spell: Passwall
  4313 | D:3      | Found a shimmering altar of Xom.
  4313 | D:3      | Found a shimmering altar of Xom.
  4511 | D:3      | Reached XP level 6. HP: 4/32 MP: 1/13
  5966 | D:4      | Learned a level 1 spell: Sting
  5995 | D:4      | Reached skill level 6 in Earth Magic
  5995 | D:4      | Reached XP level 7. HP: 36/36 MP: 1/16
  6349 | D:5      | Entered Level 5 of the Dungeon
  6648 | D:7      | Found Thimeh's Hardware Store.
  6675 | D:7      | HP: 1/36 [orc wizard/wand of frost (10)]
  6677 | D:7      | Killed from afar by an orc wizard

Action                   |  1- 3 |  4- 6 |  7- 9 || total
-------------------------+-------+-------+-------++-------
Melee: Unarmed           |    41 |       |       ||    41
       Club              |    20 |     8 |       ||    28
       Dagger            |       |   222 |     9 ||   231
 Cast: Sandblast         |    64 |   163 |     1 ||   228
       Stone Arrow       |       |    26 |    10 ||    36
       Stoneskin         |       |     1 |       ||     1
       Sting             |       |       |    20 ||    20
       Passwall          |       |       |     1 ||     1
Evoke: Deck              |     6 |       |       ||     6
  Use: Scroll            |       |     5 |     2 ||     7
       Potion            |       |     3 |     2 ||     5
